 Dungeon Crawl Stone Soup version 0.26-a0-667-g92642533e4 (webtiles) character file.

Game seed: 4943559380314255459

51 robertstho the Bolt Thrower (level 4, -1/27 HPs)
             Began as a Kobold Hunter on Oct 16, 2020.
             Slain by a shadow imp (3 damage)
             ... summoned by Natasha
             ... on level 2 of the Dungeon.
             The game lasted 00:02:26 (898 turns).

robertstho the Bolt Thrower (Kobold Hunter)          Turns: 898, Time: 00:02:27

Health: -1/27      AC:  6    Str: 10    XL:     4   Next: 7%
Magic:  4/4        EV: 13    Int: 12    God:
Gold:   69         SH:  5    Dex: 15    Spells: 3/3 levels left

rFire    . . .     SeeInvis .   f - +1 short sword (holy)
rCold    . . .     Faith    .   (shield restricted)
rNeg     . . .     Spirit   .   l - +1 ring mail {rPois}
rPois    +         Reflect  +   (no helmet)
rElec    .         Harm     .   (no cloak)
rCorr    .         Rampage  .   (no gloves)
MR       .....                  (no boots)
Stlth    ++........             k - amulet of reflection
HPRegen  0.09/turn              (no ring)
MPRegen  0.09/turn              (no ring)

@: stab, flying
A: small, nightstalker 3
a: no special abilities


You were on level 2 of the Dungeon.
You visited 1 branch of the dungeon, and saw 2 of its levels.

You collected 69 gold pieces.

Inventory:

Hand Weapons
 a - a +1 hand crossbow
 f - a +1 short sword of holy wrath (weapon)
Armour
 l - a +1 ring mail of poison resistance (worn)
Jewellery
 k - an amulet of reflection (around neck)
Scrolls
 b - a scroll of fog {unknown}
 j - a scroll of teleportation {unknown}
 m - a scroll of fear {unknown}


   Skills:
 * Level 2.4 Fighting
 + Level 0.1 Short Blades
 * Level 6.0 Crossbows
 + Level 0.1 Armour
 + Level 2.5 Dodging
 * Level 2.4 Stealth


You had 3 spell levels left.
You didn't know any spells.
Your spell library was empty.

Dungeon Overview and Level Annotations

Branches:
Dungeon (2/15)

Altars:

Annotations:
D:2 Natasha


Innate Abilities, Weirdness & Mutations

You are small and have problems with some larger weapons.
You are completely attuned to the shadows.


Message History

Natasha is severely wounded.
Natasha closely misses you.
The shadow imp hits you but does no damage.
You barely miss Natasha.
Natasha is severely wounded.
Natasha howls an incantation.
Natasha shimmers violently.
Natasha claws you!
* * * LOW HITPOINT WARNING * * *
The shadow imp closely misses you.
It was a potion of flight.
You feel very buoyant.
You fly up into the air.
Natasha claws you but does no damage. You block the shadow imp's attack.
You closely miss Natasha.
Natasha is severely wounded.
Natasha howls an incantation.
You feel disoriented. Natasha closely misses you. The shadow imp hits you.
You die...

#################
.......(..()((>(.
##.<##.#####(###
#..##5# ...
....Sh@# .###
.....##)# .#
#.##.##<# #.....
##.### .. .##


You could see Natasha, a shadow imp (summoned) and a ball python.

Vanquished Creatures
  Robin (D:2)
  A worm (D:2)
  2 dart slugs (D:1)
  6 goblins
  7 hobgoblins
  4 jackals (D:1)
  5 kobolds (D:1)
  2 bats (D:1)
  A frilled lizard (D:1)
  A rat (D:1)
30 creatures vanquished.

Notes
Turn   | Place    | Note
-------+----------+-------------------------------------------
     0 | D:1      | robertstho the Kobold Hunter began the quest for the Orb.
     0 | D:1      | Reached XP level 1. HP: 12/12 MP: 1/1
    22 | D:1      | Reached skill level 5 in Crossbows
    34 | D:1      | Reached XP level 2. HP: 17/17 MP: 2/2
   370 | D:1      | Reached XP level 3. HP: 21/21 MP: 3/3
   684 | D:2      | Noticed Robin
   880 | D:2      | Noticed Natasha
   884 | D:2      | Killed Robin
   884 | D:2      | Reached skill level 6 in Crossbows
   884 | D:2      | Reached XP level 4. HP: 23/27 MP: 4/4
   896 | D:2      | HP: 1/27 [Natasha (7)]
   898 | D:2      | Slain by a shadow imp

Illustrated notes

Levels and vault maps discovered:
D:1:      dpeg_arrival_simpleton_a, layout_basic
D:2:      layout_loops_ring, uniq_robin, uniq_natasha

Skill      XL: |  1  2  3 |
---------------+----------+-----
Crossbows      | 5 6 |  6.0
Stealth        | 2 |  2.4
Fighting       | |  2.4
Short Blades   | |  0.1
Armour         | |  0.1
Dodging        | |  2.5

Action                   |  1- 3 |  4- 6 || total
-------------------------+-------+-------++-------
Melee: Short sword       |    28 |    10 ||    38
 Fire: Hand crossbow     |    52 |       ||    52
  Use: Potion            |       |     4 ||     4
Armor: Leather armour    |     4 |       ||     4
       Ring mail         |    12 |     3 ||    15
Dodge: Dodged            |    35 |     8 ||    43
Block: Other             |    20 |     1 ||    21

Table legend: (Time is in decaauts)
 A = Elapsed time spent in this place.
 B = Non-inter-level travel time spent in this place.
 C = Inter-level travel time spent in this place.
 D = Time resting spent in this place.
 E = Time spent auto-exploring this place.
 F = Levels seen in this place.
 G = Mean time per level.
                   A        B        C        D        E       F      G
               +--------+--------+--------+--------+--------+-----+--------+
         Total |    911 |    827 |     84 |    107 |    518 |   2 |  455.5 |
       Dungeon |    911 |    827 |     84 |    107 |    518 |   2 |  455.5 |
               +--------+--------+--------+--------+--------+-----+--------+

Top non-repeatable levels by time:
     D:1: 815 daAuts
     D:2: 95 daAuts
